 Dungeon Crawl Stone Soup version 0.30-a0-218-gedb9141078 (webtiles) character file.

Game seed: 6219741667422586487

266 Decritt the Magician (level 6, -2/46 HPs)
             Began as a Djinni Air Elementalist on Oct 5, 2022.
             Slain by Blork the orc
             ... wielding a +0 glaive
              (12 damage)
             ... on level 4 of the Dungeon.
             The game lasted 00:06:20 (3889 turns).

Decritt the Magician (Djinni Air Elementalist)      Turns: 3889, Time: 00:06:21

Health: -2/46      AC:  5    Str:  7    XL:     6   Next: 44%
Gold:   163        EV: 12    Int: 19    God:
                   SH:  0    Dex: 13

rFire   + + .      SeeInvis .    (no weapon)
rCold   x . .      Faith    .    (no shield)
rNeg    . . .      Spirit   .    a - +0 robe
rPois   ∞          Reflect  .    b - +2 helmet
rElec   .          Harm     .    d - scarf {repulsion}
rCorr   .          Rampage  .    (no gloves)
Will    .....                    (boots unavailable)
Stlth   ++........               (no amulet)
HPRegen 0.27/turn                (no ring)
MPRegen 0.00/turn                (no ring)

@: flying, repel missiles
A: sickness immunity, fire resistance 2, cold vulnerability 1, float, innate
caster, HP casting, extra vitality 1
a: no special abilities


You were on level 4 of the Dungeon.
You visited 1 branch of the dungeon, and saw 4 of its levels.

You collected 163 gold pieces.

Inventory:

Armour
 a - a +0 robe (worn)
 b - a +2 helmet (worn)
 d - a scarf of repulsion (worn)
Wands
 n - a wand of mindburst (7)
 p - a wand of flame (5)
Scrolls
 c - a scroll of poison
Potions
 g - 4 potions of curing
 i - a potion of brilliance {unknown}
 j - 2 potions of degeneration {unknown}
 l - a potion of attraction {unknown}
 m - 3 potions of might
 o - 2 potions of invisibility {unknown}
 q - a potion of magic {unknown}
 s - a potion of resistance {unknown}


   Skills:
 + Level 3.2 Fighting
 - Level 2.1 Dodging
 - Level 1.5 Stealth
 + Level 4.4 Spellcasting


You couldn't memorise any spells.
You knew the following spells:

 Your Spells              Type           Power      Damage    Failure   Level
a - Shock                 Conj/Air       84%        1d8       1%          1
b - Airstrike             Air            10%        2d(2-18)  21%         4
d - Static Discharge      Conj/Air       42%        2-4/arc   3%          2
e - Sting                 Tmut/Pois      84%        1d7       1%          1
f - Wereblood             Tmut           21%        N/A       3%          2
s - Swiftness             Air            21%        N/A       6%          3
Your spell library was empty.

Dungeon Overview and Level Annotations

Branches:
Dungeon (4/15)
 Temple: D:4-7

Altars:

Annotations:
D:4 Blork the orc


Innate Abilities, Weirdness & Mutations

You are immune to sickness and miasma.
You are immune to poison.
Your flesh is very heat resistant. (rF++)
You are vulnerable to cold. (rC-)
You float through the air rather than walking.
You learn spells naturally, not from books.
Your magical power is your life essence.
You have superior vitality. (+4 MHP)


Message History

Casting: Shock (safe; 1% risk of failure)
Confirm with . or Enter, or press ? or * to list all spells.
Aiming: Shock (safe; 1% risk of failure)
Press: ? - help, Shift-Dir - straight line, f/p - Blork the orc
Aim: Blork the orc, wielding a +0 glaive and wearing a +0 robe (moderately wounded, fast, 77% to hit)
The zap hits Blork the orc.
Blork the orc is moderately wounded.
Blork the orc casts a spell at you. The puff of frost misses you.
Casting: Shock (safe; 1% risk of failure)
Confirm with . or Enter, or press ? or * to list all spells.
Aiming: Shock (safe; 1% risk of failure)
Press: ? - help, Shift-Dir - straight line, f/p - Blork the orc
Aim: Blork the orc, wielding a +0 glaive and wearing a +0 robe (moderately wounded, fast, 77% to hit)
The zap hits Blork the orc.
Blork the orc is heavily wounded.
Blork the orc gestures at you while chanting.
The puff of flame hits you. You resist.
Casting: Shock (safe; 1% risk of failure)
Confirm with . or Enter, or press ? or * to list all spells.
You can't see any susceptible monsters within range! (Use Z to cast anyway.) Unknown command.
Casting: Shock (safe; 1% risk of failure)
Confirm with . or Enter, or press ? or * to list all spells.
Aiming: Shock (safe; 1% risk of failure)
Press: ? - help, Shift-Dir - straight line, f/p - Blork the orc
Aim: Blork the orc, wielding a +0 glaive and wearing a +0 robe (heavily wounded, fast, 77% to hit)
The zap hits Blork the orc.
Blork the orc is heavily wounded.
Casting: Shock (safe; 1% risk of failure)
Confirm with . or Enter, or press ? or * to list all spells.
Aiming: Shock (safe; 1% risk of failure)
Press: ? - help, Shift-Dir - straight line, f/p - Blork the orc
Aim: Blork the orc, wielding a +0 glaive and wearing a +0 robe (heavily wounded, fast, 77% to hit)
The zap hits Blork the orc.
Blork the orc is severely wounded.
Blork the orc hits you from afar with a +0 glaive!
* * * LOW HITPOINT WARNING * * *
Blork the orc hits you from afar with a +0 glaive!
You die...

..............#
..............#
............[.#
######..).....##....#
............####....#
#####~~~~~~~####8..8#
.##~~~o≈≈≈≈≈~~~~#8..8#
.~~~≈≈≈≈≈≈≈≈≈≈≈~~~..~###
~~≈≈≈≈≈~@~~~≈≈≈≈≈≈..~~~##
≈≈≈≈~~~~###~~~~≈≈≈..≈≈~~~
≈≈~~~#### ####~~~~..≈≈≈≈≈
~~~## ####~..~~≈≈≈ ###
#8..8~~~~ #8?)8###~
#....# ## #....# ##..##


You could see Blork the orc (fast).

Vanquished Creatures
  An ogre (D:4)
  An iguana (D:4)
  Robin (D:3)
  3 adders (D:3)
  3 gnolls (D:3)
  2 dart slugs
  6 orcs
  5 endoplasms
  4 giant cockroaches
  14 goblins
  5 hobgoblins
  4 jackals (D:1)
  5 kobolds
  5 quokkas
  4 ball pythons
  6 bats
  2 frilled lizards (D:1)
  6 rats
77 creatures vanquished.

Notes
Turn   | Place    | Note
-------+----------+-------------------------------------------
     0 | D:1      | Decritt the Djinni Air Elementalist began the quest for the
                  | Orb.
     0 | D:1      | Decritt set off with the following spells memorised: Shock,
                  | Static Discharge, Swiftness, Airstrike.
     0 | D:1      | Reached XP level 1. HP: 15/15 MP: 0/0
   117 | D:1      | Found a faded altar of an unknown god.
   132 | D:1      | Reached XP level 2. HP: 20/22 MP: 0/0
   227 | D:1      | Reached skill level 1 in Fighting
   371 | D:1      | Reached XP level 3. HP: 16/27 MP: 0/0
   371 | D:1      | Learned a level 1 spell: Sting
   421 | D:1      | Reached skill level 3 in Spellcasting
  1321 | D:3      | Noticed Robin
  1576 | D:3      | Reached XP level 4. HP: 31/32 MP: 0/0
  2023 | D:3      | Reached XP level 5. HP: 22/38 MP: 0/0
  2023 | D:3      | Learned a level 2 spell: Wereblood
  2266 | D:3      | Killed Robin
  3468 | D:4      | Noticed an ogre
  3497 | D:4      | Killed an ogre
  3498 | D:4      | Reached skill level 4 in Spellcasting
  3498 | D:4      | Reached XP level 6. HP: 40/46 MP: 0/0
  3621 | D:4      | Noticed Blork the orc
  3889 | D:4      | Slain by Blork the orc

Illustrated notes

Levels and vault maps discovered:
D:1:      lightli_arrival_statuegarden, layout_rooms,
          ebering_ecumenical_altar_hall
D:2:      layout_basic
D:3:      layout_basic, minmay_unequal, uniq_robin
D:4:      wander_river, layout_basic, uniq_blork_the_orc, uniq_grinder,
          uniq_menkaure

Skill      XL: |  1  2  3  4  5 |
---------------+----------------+-----
Fighting       | 1 2 3 |  3.2
Spellcasting   | 3 4 |  4.4
Dodging        | |  2.1
Stealth        | |  1.5

Action                   |  1- 3 |  4- 6 || total
-------------------------+-------+-------++-------
 Cast: Shock             |    86 |   138 ||   224
  Use: Scroll            |       |     9 ||     9
Armor: Robe              |     5 |     2 ||     7
Dodge: Dodged            |    19 |    16 ||    35

Table legend: (Time is in decaauts)
 A = Elapsed time spent in this place.
 B = Non-inter-level travel time spent in this place.
 C = Inter-level travel time spent in this place.
 D = Time resting spent in this place.
 E = Time spent auto-exploring this place.
 F = Levels seen in this place.
 G = Mean time per level.
                   A        B        C        D        E       F      G
               +--------+--------+--------+--------+--------+-----+--------+
         Total |   3890 |   3764 |    126 |   1163 |   2143 |   4 |  972.5 |
       Dungeon |   3890 |   3764 |    126 |   1163 |   2143 |   4 |  972.5 |
               +--------+--------+--------+--------+--------+-----+--------+

Top non-repeatable levels by time:
     D:3: 1292 daAuts
     D:2: 1237 daAuts
     D:1: 699 daAuts
     D:4: 661 daAuts
